 Seeded DCSS version 0.32-a0-473-gd044c6f0f0 (webtiles) character file.

Game seed: 3342665431591073458 (custom seed)

1225399 CougarLife the Annihilator (level 27, -16/199 HPs)
             Began as a Gargoyle Earth Elementalist on Feb 26, 2024.
             Was the Champion of Vehumet.
             Killed from afar by an iron giant (46 damage)
             ... with an iron shot
             ... on level 7 of the Iron City of Dis on Feb 29, 2024.
             The game lasted 05:50:38 (107919 turns).

CougarLife the Annihilator (GrEE)                 Turns: 107919, Time: 05:50:39

Health: -16/199    AC: 36    Str: 13    XL:     27
Magic:  18/53      EV: 10    Int: 50    God:    Vehumet [******]
Gold:   9790       SH: 12    Dex:  7    Spells: 21/78 levels left

rFire   + + +        o - +3 Elemental Staff {ele, rElec rF+ rC+ AC+3}
rCold   + + .        D - +0 kite shield of Day {rPois Will+ Dex+3}
rNeg    + + +        N - +6 acid dragon scales
rPois   ∞            C - +2 helmet {Int+3}
rElec   +            M - scarf {rC+ rF+}
rCorr   +            e - +0 pair of gloves "Maegh" {rPois Stlth+}
SInv    +            T - +0 pair of boots of the Past {Will+ Regen+ Int+2}
Will    ++++.        P - amulet of Vitality {RegenMP++ Regen++}
Stlth   +++          E - ring "Keaghauf" {rF+ rN++ Int+6}
HPRegen 2.93/turn    z - ring "Peyvaxt" {+Blink rCorr Int+7 Dex-5 SInv}
MPRegen 1.13/turn

%: no passive effects
@: brilliant, flying, studying 3 skills, corroded
A: sickness immunity, AC +20, big wings, negative energy resistance 1,
electricity resistance, torment resistance 1, petrification resistance, talons
1, clever 1, sturdy frame 1
}: 13/15 runes: decaying, slimy, silver, obsidian, icy, bone, abyssal, demonic,
glowing, magical, fiery, dark, gossamer
a: Renounce Religion, Evoke Blink


You were on level 7 of the Iron City of Dis.
You worshipped Vehumet.
Vehumet was exalted by your worship.
You visited 17 branches of the dungeon, and saw 85 of its levels.
You visited Pandemonium 2 times, and saw 16 of its levels.
You visited the Abyss 3 times.
You also visited: Sewer, Ossuary, Bailey and Gauntlet.

You collected 15445 gold pieces.
You spent 5655 gold pieces at shops.

Inventory:

Hand Weapons
 o - the +3 Elemental Staff (weapon) {ele, rElec rF+ rC+ AC+3}
   (You acquired it on level 2 of the Elven Halls)

   AC+3:      It affects your AC (+3).
   rF+:       It protects you from fire.
   rC+:       It protects you from cold.
   rElec:     It insulates you from electricity.
Missiles
 p - 6 throwing nets
Armour
 e - the +0 pair of gloves "Maegh" (worn) {rPois Stlth+}
   (You found it on level 1 of the Swamp)

   rPois:     It protects you from poison Stlth+: It makes you more stealthy.
 C - a +2 helmet of intelligence (worn)
 D - the +0 kite shield of Day (worn) {rPois Will+ Dex+3}
   (You acquired it on level 4 of the Spider Nest)

   Dex+3:     It affects your dexterity (+3).
   rPois:     It protects you from poison Will+: It increases your willpower.
 M - a scarf of resistance (worn)
 N - +6 acid dragon scales (worn)
 T - the +0 pair of boots of the Past (worn) {Will+ Regen+ Int+2}
   (You found it on level 4 of the Spider Nest)

   Int+2:     It affects your intelligence (+2).
   Will+:     It increases your willpower.
   Regen+:    It increases your rate of health regeneration.
Jewellery
 y - the ring of Gizocod {rN++ EV+5 Dex-5}
   (You found it in Pandemonium)

   [ring of evasion]

   EV+5:      It affects your evasion (+5).
   Dex-5:     It affects your dexterity (-5).
   rN++:      It greatly protects you from negative energy.
 z - the ring "Peyvaxt" (right hand) {+Blink rCorr Int+7 Dex-5 SInv}
   (You bought it in a shop on level 3 of the Depths)

   [ring of resist corrosion]

   Int+7:     It affects your intelligence (+7).
   Dex-5:     It affects your dexterity (-5).
   SInv:      It lets you see invisible.
   +Blink:    It lets you blink.
   rCorr:     It protects you from acid and corrosion.
 E - the ring "Keaghauf" (left hand) {rF+ rN++ Int+6}
   (You took it off Khufu on level 3 of the Crypt)

   [ring of intelligence]

   Int+6:     It affects your intelligence (+6).
   rF+:       It protects you from fire.
   rN++:      It greatly protects you from negative energy.
 L - a +6 ring of intelligence
 P - the amulet of Vitality (around neck) {RegenMP++ Regen++}
   (You bought it in a shop on level 3 of the Depths)

   [amulet of magic regeneration]

   RegenMP:   It increases your rate of magic regeneration.
   Regen++:   It increases your rate of health regeneration.
 U - the ring "Ekeg Aff" {rPois rC+ rCorr}
   (You found it in Pandemonium)

   [ring of resist corrosion]

   rC+:       It protects you from cold.
   rPois:     It protects you from poison rCorr: It protects you from acid and
   corrosion.
 Z - a ring of protection from cold
Wands
 a - a wand of polymorph (45)
 i - a wand of digging (25)
 n - a wand of charming (68)
 I - a wand of light (47)
Scrolls
 b - 2 scrolls of summoning
 c - 24 scrolls of teleportation
 f - 15 scrolls of amnesia
 j - 10 scrolls of enchant armour
 s - 8 scrolls of noise
 u - 10 scrolls of immolation
 v - 10 scrolls of fear
 A - 17 scrolls of fog
 F - 8 scrolls of vulnerability
 G - 4 scrolls of torment
 H - 5 scrolls of silence
 J - 12 scrolls of poison
Potions
 d - 6 potions of resistance
 g - 4 potions of mutation
 h - 6 potions of lignification
 k - 4 potions of heal wounds
 l - 16 potions of might
 q - 33 potions of curing
 w - 13 potions of enlightenment
 x - 8 potions of invisibility
 B - 6 potions of haste
 O - 6 potions of brilliance
 R - 13 potions of ambrosia
 S - 10 potions of attraction
Miscellaneous
 m - the horn of Geryon


   Skills:
 O Level 27 Fighting
 - Level 8.0 Armour
 - Level 1.5 Dodging
 - Level 3.5 Stealth
 - Level 17.0 Shields
 + Level 26.2 Spellcasting
 O Level 27 Conjurations
 - Level 21.3 Fire Magic
 - Level 19.0 Air Magic
 - Level 24.7 Earth Magic
 - Level 23.0 Shapeshifting


You had 21 spell levels left.
You knew the following spells:

 Your Spells              Type           Power      Damage    Failure   Level
a - Fire Storm            Conj/Fire      97%        8d24      1%          9
b - Stone Arrow           Conj/Erth      100%       3d13      0%          3
c - Lee's Rapid Deconstr  Erth           97%        3d43*     0%          5
d - Conjure Ball Lightni  Conj/Air       95%        3x3d36    0%          6
e - Lehudib's Crystal Sp  Conj/Erth      99%        10d22     1%          8
f - Shatter               Erth           97%        3d70*     1%          9
g - Chain Lightning       Conj/Air       95%        3d127     1%          9
h - Ignition              Fire           94%        3d24      1%          8

Your spell library contained the following spells:

 Spells                   Type           Power      Damage    Failure   Level
 Kiss of Death            Conj/Necr      100%       2d13      0%          1
 Magic Dart               Conj           100%       1d8       0%          1
 Sandblast                Erth           100%       2d20      0%          1
 Shock                    Conj/Air       100%       1d9       0%          1
 Sting                    Conj/Alch      100%       1d9       0%          1
 Mercury Vapours          Alch/Air       100%       N/A       0%          2
 Momentum Strike          Conj/Tloc      100%       3d10      0%          2
 Scorch                   Fire           100%       2d9       0%          2
 Searing Ray              Conj           100%       2d8       0%          2
 Static Discharge         Conj/Air       100%       3-8/arc   0%          2
 Dazzling Flash           Conj/Hex       100%       N/A       0%          3
 Hailstorm                Conj/Ice       100%       3d16      0%          3
 Inner Flame              Hex/Fire       100%       N/A       0%          3
 Mephitic Cloud           Conj/Alch/Air  100%       N/A       0%          3
 Passwall                 Erth           100%       N/A       0%          3
 Swiftness                Air            100%       N/A       0%          3
 Volatile Blastmotes      Fire/Tloc      100%       2d18      0%          3
 Airstrike                Air            91%        2d(13-29) 0%          4
 Brom's Barrelling Bould  Conj/Erth      100%       2d11      0%          4
 Flame Wave               Conj/Fire      100%       2d21      0%          4
 Fulminant Prism          Conj/Alch      70%        3d29      0%          4
 Iskenderun's Mystic Bla  Conj/Tloc      100%       2d19      0%          4
 Fireball                 Conj/Fire      97%        3d35      0%          5
 Freezing Cloud           Conj/Ice/Air   99%        6-21      0%          5
 Iskenderun's Battlesphe  Conj           100%       2d15      0%          5
 Bombard                  Conj/Erth      99%        9d16      0%          6
 Plasma Beam              Fire/Air       100%       2x1d120   0%          6
 Starburst                Conj/Fire      97%        6d24      0%          6
 Orb of Destruction       Conj           86%        9d19      0%          7
 Apportation              Tloc           100%       N/A       1%          1
 Freeze                   Ice            100%       1d10      1%          1
 Necrotise                Necr           100%       1d9       1%          1
 Summon Small Mammal      Summ           100%       N/A       1%          1
 Blink                    Tloc           100%       N/A       1%          2
 Ensorcelled Hibernation  Hex/Ice        100%       N/A       1%          2
 Jinxbite                 Hex            100%       N/A       1%          2
 Lesser Beckoning         Tloc           100%       N/A       1%          2
 Call Canine Familiar     Summ           78%        N/A       1%          3
 Confusing Touch          Hex            78%        N/A       1%          3
 Frozen Ramparts          Ice            100%       1d16      1%          3
 Fugue of the Fallen      Necr           78%        N/A       1%          3
 Gell's Gravitas          Tloc           78%        N/A       1%          3
 Ozocubu's Armour         Ice            99%        N/A       1%          3
 Summon Ice Beast         Ice/Summ       99%        N/A       1%          3
 Teleport Other           Tloc           78%        N/A       1%          3
 Vampiric Draining        Necr           78%        2d11      1%          3
 Animate Armour           Summ/Erth      100%       N/A       1%          4
 Ignite Poison            Fire/Alch      100%       N/A       1%          4
 Olgreb's Toxic Radiance  Alch           78%        N/A       1%          4
 Petrify                  Alch/Erth      100%       N/A       1%          4
 Summon Blazeheart Golem  Fire/Summ      100%       N/A       1%          4
 Summon Lightning Spire   Summ/Air       100%       N/A       1%          4
 Vhi's Electric Charge    Tloc/Air       100%       N/A       1%          4
 Irradiate                Conj/Alch      70%        3d35      1%          5
 Silence                  Hex/Air        76%        N/A       1%          5
 Spellforged Servitor     Conj/Summ      70%        N/A       1%          7
 Maxwell's Capacitive Co  Air            91%        ∞         1%          8
 Anguish                  Hex/Necr       39%        N/A       3%          4
 Cause Fear               Hex            39%        N/A       3%          4
 Dimensional Bullseye     Hex/Tloc       39%        N/A       3%          4
 Dispel Undead            Necr           78%        3d26      3%          4
 Manifold Assault         Tloc           78%        N/A       3%          4
 Martyr's Knell           Necr/Summ      78%        N/A       3%          4
 Passage of Golubria      Tloc           78%        N/A       3%          4
 Alistair's Intoxication  Alch           52%        N/A       9%          5
 Curse of Agony           Necr           78%        N/A       9%          5
 Metabolic Englaciation   Hex/Ice        49%        N/A       9%          5
 Summon Forest            Summ/Tloc      39%        N/A       9%          5
 Summon Mana Viper        Hex/Summ       78%        N/A       9%          5
 Eringya's Noxious Bog    Alch           39%        4d6       13%         6
 Death Channel            Necr           39%        N/A       45%         6
 Dispersal                Tloc           39%        N/A       45%         6
 Sculpt Simulacrum        Ice/Alch       49%        N/A       45%         6
 Summon Cactus Giant      Summ           39%        N/A       45%         6
 Ozocubu's Refrigeration  Ice            49%        4d18      54%         7
 Haunt                    Necr/Summ      39%        N/A       95%         7
 Malign Gateway           Summ/Tloc      39%        N/A       95%         7
 Monstrous Menagerie      Summ           39%        N/A       95%         7
 Summon Hydra             Summ           39%        N/A       95%         7
 Borgnjor's Revivificati  Necr           39%        N/A       100%        8
 Discord                  Hex            39%        N/A       100%        8
 Disjunction              Tloc           39%        N/A       100%        8
 Summon Horrible Things   Summ           39%        N/A       100%        8
 Death's Door             Necr           39%        N/A       100%        9
 Dragon's Call            Summ           39%        N/A       100%        9
 Polar Vortex             Ice            49%        12d6*     100%        9
 Cigotuvi's Dreadful Rot  Necr/Alch/Air  Unusable   N/A       N/A         2
 Sublimation of Blood     Necr           Unusable   N/A       N/A         2

Dungeon Overview and Level Annotations

Branches:
Dungeon (15/15)            Temple (1/1) D:7            Lair (5/5) D:11
  Swamp (4/4) Lair:2       Spider (4/4) Lair:3        Slime (5/5) Lair:5
    Orc (2/2) D:9             Elf (3/3) Orc:2        Vaults (5/5) D:13
  Crypt (3/3) Vaults:2       Tomb (0/3) Crypt:3      Depths (4/4) D:15
   Hell (visited)             Dis (7/7) Hell            Geh (7/7) Hell
    Coc (7/7) Hell            Tar (7/7) Hell            Zot (5/5) Depths:4
  Sewer (visited)         Ossuary (visited)          Bailey (visited)
Gauntlet (visited)

Altars:
Ashenzari
Cheibriados
Dithmenos
Elyvilon
Fedhas
Gozag
Hepliaklqana
Kikubaaqudgha
Makhleb
Nemelex Xobeh
Okawaru
Qazlal
Ru
Sif Muna
Trog
Uskayaw
Vehumet
Wu Jian
Xom
Yredelemnul
Zin
The Shining One
Beogh
Jiyva

Shops:
D:5 [   D:9 (   Orc:1 (   Orc:2 :*([   Vaults:4 (   Vaults:5 !   Depths:3 :=:

Portals:
Hell: Depths:1 Depths:2 Depths:3 Depths:4
Abyss: Depths:1 Depths:3
Pandemonium: Depths:1 Depths:2
Ziggurat: Depths:1

Annotations:
D:3 3 runed translucent doors, Tollund's ghost, amateur DsAl
Vaults:2 1 transporter


Innate Abilities, Weirdness & Mutations

You are immune to sickness and miasma.
Your stone body is resilient. (AC +20)
You are immune to poison.
Your large and strong wings let you fly.
You resist negative energy. (rN+)
You are resistant to electric shocks. (rElec)
You are resistant to unholy torment.
You are immune to petrification.
You have sharp toenails.
Your mind is acute. (Int +4, Str/Dex -1)
Your movements are slightly less encumbered by armour. (ER -2)


Message History

You kill the Hell Sentinel!
Vehumet accepts your kill.
You feel your power returning. The Hell Sentinel gestures at you.
The iron shot hits you!!!
The iron giant hits you with a +0 giant spiked club!!!
Casting: Lehudib's Crystal Spear (safe; 1% risk of failure)
Confirm with . or Enter, or press ? or * to list all spells.
Aiming: Lehudib's Crystal Spear (safe; 1% risk of failure)
Press: ? - help, Shift-Dir - straight line, f - Hell Sentinel
Aim: a Hell Sentinel (99% to hit)
You feel a strong surge of power!
The crystal spear hits the Hell Sentinel!!!!
The Hell Sentinel is severely wounded.
You block the iron giant's attack.
Casting: Lehudib's Crystal Spear (safe; 1% risk of failure)
Confirm with . or Enter, or press ? or * to list all spells.
Aiming: Lehudib's Crystal Spear (safe; 1% risk of failure)
Press: ? - help, Shift-Dir - straight line, f/p - Hell Sentinel
Aim: a Hell Sentinel (severely wounded, 99% to hit)
You feel a strong surge of power!
The crystal spear hits the Hell Sentinel!!!!
You kill the Hell Sentinel!
Vehumet accepts your kill.
You feel your power returning. You block the iron giant's attack.
The iron giant hits you with a +0 giant spiked club!!!
* * * LOW HITPOINT WARNING * * *
Casting: Lehudib's Crystal Spear (safe; 1% risk of failure)
Confirm with . or Enter, or press ? or * to list all spells.
Aiming: Lehudib's Crystal Spear (safe; 1% risk of failure)
Press: ? - help, Shift-Dir - straight line, f - iron giant
Aim: an iron giant, wielding a +0 giant spiked club (moderately wounded, 100% to hit)
Okay, then.
Casting: Lehudib's Crystal Spear (safe; 1% risk of failure)
Confirm with . or Enter, or press ? or * to list all spells.
You feel a strong surge of power!
You create some ball lightning! 3 ball lightnings come into view.
The iron giant points at you and mumbles some strange words.
The iron shot hits you!!!
You die...

*,,,,,+,,,,,,,,,,,,,*******
*******,,............#,,,,*
*,,,,*,,,..ß....ß....+,,,,*
*,,,,*,,,..ß....ß...,*,,,,*
*,,,,*,,,..........#*******
**+***,,,..........#,,,,,,*
*,,,,,,,,..ß...*ß..#,,,,,,*
*,,,,,,,,..ß...)ßC.#,,,,,,*
***+*,,,,.......@..#,,,,,,*
*,,,*,,,,.....**C..#+#####*
*,,,*,,,,..ß....ß......'..*
*******,,..ß....ß......#,,*
*,,,,,*,,............#'#***
*,,,,,*,,............#,.,,*
*,,,,,*,,..ß....ß....#,,,,*
*,,,,,*,,..ß....ß....#,,,,*
+,,,,,*,,,,........########


You could see 2 iron giants and 3 friendly ball lightnings.

Vanquished Creatures
  Cerebov (Pan)
  Asmodeus (Geh:7)
  Antaeus (Coc:7)
  the Royal Jelly (Slime:5)
  Gloorx Vloq (Pan)
  Mnoleg (Pan)
  Ereshkigal (Tar:7)
  Lom Lobon (Pan)
  Khufu (Crypt:3)
  5 orbs of fire (Zot:5)
  11 ancient liches
  5 dread liches
  A juggernaut (Dis:7)
  Mennas (Pan)
  10 pandemonium lords (Pan)
  Sojobo (Depths:3)
  16 shard shrikes
  Geryon (Hell)
  Parghit (Depths:4)
  3 Killer Klowns (Zot:5)
  Saint Roka (Orc:2)
  35 caustic shrikes
  The ghost of Tollund the Hoplite, a veteran FoHu of Gozag (Vaults:2)
  4 curse toes
  Jory (Crypt:3)
  9 golden dragons
  A pearl dragon (Abyss:3)
  29 bone dragons
  6 profane servitors
  17 doom hounds
  21 Tzitzimimeh
  16 hellephants
  19 iron giants
  3 electric golems
  3 spectral shard shrikes
  18 Brimstone Fiends
  16 tainted leviathans
  The ghost of Oxzi the Archmage, an adept DEHW of Vehumet (Depths:4)
  19 Ice Fiends
  17 tentacled monstrosities
  A walking earthen tome (Depths:3)
  29 Hell Sentinels
  3 quicksilver dragons
  6 liches
  Jorgrun (Orc:1)
  22 acid blobs
  2 deep elf blademasters (Elf:3)
  2 deep elf master archers (Elf:3)
  25 Orb Guardians (Zot:5)
  9 death cobs
  26 searing wretches
  6 sphinxes
  Gastronok (D:11)
  39 Executioners (Pan)
  13 ancient champions
  12 titans
  4 tentacled starspawn
  16 shadow dragons
  15 storm dragons
  8 tengu reavers
  A thorn hunter (Swamp:1)
  A daeva (Abyss:3)
  Donald (Elf:3)
  10 demonspawn warmongers (Pan)
  18 azure jellies
  4 narguns
  14 protean progenitors
  A revenant (Crypt:3)
  10 rockslimes
  8 quicksilver elementals
  12 frost giants
  6 draconian monks
  3 draconian shifters
  6 draconian knights
  6 draconian scorchers
  28 fire giants
  11 emperor scorpions
  15 ghost moths
  7 iron dragons
  6 deep elf sorcerers
  8 spectral caustic shrikes
  3 curse skulls
  45 balrugs
  11 shard shrike simulacra
  4 ghouls
  3 angels
  12 quicksilver oozes
  20 vault wardens
  A spectral juggernaut (Tar:4)
  4 deep elf elementalists (Elf:3)
  6 formless jellyfish
  12 demonspawn blood saints (Pan)
  5 draconian stormcallers
  3 juggernaut skeletons (Pan)
  A spriggan defender (Depths:3)
  An orc warlord (Vaults:1)
  19 ironbound preservers
  46 reapers
  12 stone giants
  19 cacodemons
  6 draconian annihilators
  4 broodmothers
  11 demonspawn corrupters (Pan)
  4 vampire knights
  10 ironbound thunderhulks
  5 eleionomae
  A caustic shrike skeleton (Crypt:3)
  Nessos (Lair:3)
  19 elemental wellsprings
  12 white draconians
  10 green draconians
  22 very ugly things
  20 putrid mouths
  18 demonspawn black suns (Pan)
  8 deep elf demonologists
  11 deep elf death magi
  9 purple draconians
  2 bunyips (Swamp:1)
  12 dire elephants
  7 deep elf annihilators
  12 red draconians
  3 starcursed masses
  8 spark wasps
  4 spectral titans
  12 wendigos
  10 black draconians
  28 iron golems
  17 lorocyprocas
  23 war gargoyles
  9 yellow draconians
  Snorg (Lair:3)
  A minotaur (Gauntlet)
  2 mummy priests (Crypt:3)
  19 blizzard demons
  20 green deaths
  A quicksilver dragon zombie (Crypt:1)
  4 crystal guardians (Vaults:4)
  16 eidola
  A merfolk javelineer (Depths:1)
  3 spectral quicksilver dragons
  2 spectral iron giants
  7 ettins
  Josephine (Lair:3)
  8 entropy weavers
  9 fire dragons
  5 deep elf high priests
  Harold (Orc:1)
  15 jiangshi
  7 rakshasas
  16 salamander tyrants
  34 vault guards
  8 great orbs of eyes
  12 yaktaur captains
  A spriggan zombie (Hell)
  9 ice dragons
  9 alligators
  Erolcha (Orc:1)
  8 juggernaut simulacra
  2 catoblepae
  19 hydras
  3 radroaches
  9 hell beasts
  5 peacekeepers
  3 spriggan air magi
  4 jorogumos
  17 caustic shrike simulacra
  3 ogre magi
  8 ironbound frosthearts
  A quicksilver dragon skeleton (Crypt:1)
  7 centaur warriors
  12 two-headed ogres
  4 death knights
  33 dancing weapons
  12 boulder beetles
  5 stokers
  6 death yaks (Lair:3)
  A tengu warrior (Depths:3)
  2 satyrs (Zot:5)
  7 deep troll earth magi
  2 deep troll shamans
  2 merfolk aquamancers (Pan)
  A spectral dire elephant (Tar:3)
  3 spectral emperor scorpions (Pan)
  Urug (Lair:3)
  67 hell hogs
  7 vampire magi
  2 orc high priests
  3 thrashing horrors
  39 demonic crawlers
  A shock serpent (shapeshifter) (Depths:3)
  An occultist (D:15)
  A spriggan berserker (Depths:4)
  2 holy swine (Abyss:3)
  Sonja (D:12)
  15 deep elf knights
  A fire crab (Lair:5)
  17 hell knights
  9 crystal echidnas
  86 soul eaters
  5 iron trolls
  68 sun demons
  6 wretched stars
  3 skysharks
  16 sixfirhies (Pan)
  A spark wasp zombie (Crypt:1)
  3 hellephant skeletons (Pan)
  A spatial maelstrom (Abyss:3)
  A storm dragon skeleton (D:15)
  2 death drakes (Zot:4)
  A sea snake (Pan)
  30 shadow wraiths
  6 pharaoh ants
  18 skeletal warriors
  2 spectral bunyips
  A spectral hydra (Tar:1)
  A golden dragon zombie (Zot:4)
  An anaconda zombie (Crypt:1)
  An orb spider (shapeshifter) (Depths:4)
  2 quicksilver dragon simulacra (Coc:7)
  A cherub (Pan)
  7 goliath frogs
  A spectral anaconda (Tar:2)
  24 shadow demons (Pan)
  17 orb spiders
  5 arcanists
  3 glowing orange brains
  6 flayed ghosts
  37 deep trolls
  A swamp dragon (shapeshifter) (Elf:1)
  14 bog bodies
  4 spriggan druids
  10 sun moths
  7 swamp dragons
  4 harpies (Vaults:1)
  24 ironbound convokers
  11 lindwurms
  9 orc knights
  7 phantasmal warriors
  A fenstrider witch simulacrum (Coc:2)
  15 deep elf archers
  2 steelbarb worms (Spider:4)
  11 necromancers
  11 spriggan simulacra
  25 deep elf pyromancers
  39 ugly things
  27 deep elf zephyrmancers
  A frost giant zombie (Vaults:2)
  17 wolf spiders
  9 shining eyes
  Maurice (D:8)
  7 orc sorcerers
  59 large abominations
  31 moths of wrath
  3 meliai (D:14)
  5 manticores
  A worldbinder (Abyss:2)
  A moth of wrath (shapeshifter) (Depths:3)
  3 cyclopes
  3 fauns (shapeshifter)
  An elephant (shapeshifter) (Vaults:5)
  2 human skeletons (Vaults:2)
  2 spectral centaurs (Tar:2)
  3 will-o-the-wisps
  2 guardian serpents
  7 rust devils
  2 kobold blastminers (Orc:2)
  8 elephants
  5 torpor snails
  A frost giant skeleton (Vaults:2)
  6 black mambas
  2 dire elephant zombies
  2 naga magi
  An ice statue (Zot:1)
  An eye of devastation (Slime:3)
  23 vault sentinels
  12 molten gargoyles (Geh:7)
  8 titan simulacra
  21 orange demons
  3 storm dragon simulacra
  70 smoke demons
  A gargoyle (D:13)
  An apocalypse crab (Abyss:3)
  25 hellions
  A mana viper zombie (Crypt:1)
  Maggie (D:9)
  2 rime drakes (Lair:5)
  A dire elephant skeleton (Crypt:2)
  Jeremiah (D:9)
  2 unseen horrors
  2 unseen horrors (shapeshifter)
  A rime drake (shapeshifter) (Elf:2)
  7 cane toads
  A yaktaur zombie (Vaults:2)
  13 komodo dragons
  3 kobold demonologists
  27 yaktaurs
  2 ice devils (Pan)
  8 efreet
  An iron troll zombie (Crypt:2)
  7 freezing wraiths
  4 iron giant simulacra
  11 anaconda simulacra
  A komodo dragon (shapeshifter) (D:14)
  4 tengu conjurers
  3 bunyip simulacra
  2 ancient zymes (Abyss:3)
  10 guardian mummies
  39 tormentors
  4 spectral nagas
  4 spectral harpies
  5 trolls
  21 hellwings (Pan)
  6 red devils
  13 tyrant leeches
  23 tarantellas
  A dream sheep (shapeshifter) (Vaults:5)
  5 glass eyes
  A raiju (shapeshifter) (Elf:2)
  2 stone giant simulacra
  3 blink frogs
  10 raiju
  2 dream sheep (Lair:5)
  9 hornets
  An ice dragon zombie (Crypt:3)
  3 iron dragon simulacra
  A radroach zombie (Crypt:2)
  A sun moth zombie (Crypt:2)
  A slime creature (shapeshifter) (Vaults:5)
  31 jumping spiders
  7 naga simulacra
  3 centaur simulacra
  A satyr skeleton (Crypt:1)
  8 dire elephant simulacra
  2 spriggan skeletons
  3 spriggans (Swamp:2)
  2 vampires
  19 culicivoras
  A fire dragon skeleton (Crypt:1)
  127 slime creatures
  45 ynoxinuls
  5 water elementals
  8 shadows
  8 wyverns
  54 yaks
  16 wraiths
  4 basilisks
  2 fire bats (Lair:2)
  2 fire elementals
  6 golden eyes (Slime:1)
  2 steam dragons
  6 wargs
  A redback (shapeshifter) (Elf:1)
  29 neqoxecs
  50 chaos spawn
  73 redbacks
  A swamp worm (shapeshifter) (Elf:1)
  5 vampire mosquitoes (Swamp:1)
  A naga zombie (Crypt:2)
  19 harpy simulacra
  14 swamp worms
  5 acid dragons
  4 nagas
  An acid dragon (shapeshifter) (D:14)
  17 water moccasins
  A hydra simulacrum (Coc:1)
  21 laughing skulls
  3 swamp drakes
  7 ice beasts
  44 orc warriors
  A sky beast (D:8)
  A black bear (Lair:4)
  6 ettin simulacra
  An ice dragon simulacrum (Coc:1)
  7 ogres
  14 small abominations
  A hornet zombie (Crypt:1)
  16 wolves
  5 centaurs
  2 phantoms
  3 kobold brigands
  Blork the orc (D:5)
  3 weeping skulls
  11 bullfrogs
  10 scorpions
  5 earth elementals (Elf:2)
  14 wights
  A draconian skeleton (Crypt:1)
  4 burial acolytes (Crypt:3)
  14 killer bees
  3 electric eels
  3 jellies
  2 bombardier beetles
  3 centaur zombies
  A crimson imp (Pan)
  2 human zombies (Ossuary)
  2 quasits
  4 hounds
  18 orc priests
  2 gnoll boudas (D:8)
  Crazy Yiuf (D:2)
  2 iron imps
  A sleepcap (D:4)
  11 hell rats
  2 iguanas
  A scorpion zombie (Ossuary)
  Natasha (thrice) (D:2)
  26 orc wizards
  A basilisk skeleton (Crypt:2)
  A killer bee zombie (Crypt:2)
  3 naga skeletons
  A tengu skeleton (Crypt:2)
  3 mummies (Ossuary)
  Robin (D:2)
  9 gnolls
  A river rat (D:6)
  8 adders
  A shadow imp (D:7)
  3 white imps
  5 ufetubi
  An iguana skeleton (Crypt:2)
  3 adder zombies (Ossuary)
  2 ribbon worms
  3 dart slugs
  59 orcs
  18 ball pythons
  9 endoplasms
  5 giant cockroaches
  3 gnoll zombies (Ossuary)
  21 goblins
  10 hobgoblins
  4 jackals (D:1)
  14 kobolds
  5 quokkas
  A ball python zombie (Ossuary)
  7 bats
  3 frilled lizards
  4 jackal zombies (Ossuary)
  4 orc zombies (Ossuary)
  33 rats
  2 spectral orcs
  21 aspiring fleshes
  A butterfly (Lair:4)
  12 creeping infernos
  27 fire vortices
  3 lurking horrors
  2 starspawn tentacles (Abyss:1)
4198 creatures vanquished.

Vanquished Creatures (collateral kills)
  A dread lich (Zot:5)
  A shard shrike (Coc:7)
  A bone dragon (Tar:7)
  A tainted leviathan (Tar:7)
  2 acid blobs (Slime:5)
  A storm dragon (Zot:4)
  A shard shrike simulacrum (Coc:7)
  A caustic shrike skeleton (Hell)
  A green draconian (Zot:3)
  A black draconian (Zot:4)
  A yellow draconian (Zot:3)
  A green death (Pan)
  A jiangshi (Crypt:3)
  A vault guard (Vaults:5)
  An alligator (Zot:1)
  A juggernaut simulacrum (Coc:7)
  A caustic shrike simulacrum (Coc:7)
  A soul eater (Pan)
  A titan skeleton (Hell)
  An alligator zombie (Hell)
  A moth of wrath (Zot:3)
  A large abomination (Pan)
  2 slime creatures
  A harpy simulacrum (Coc:7)
  An aspiring flesh (Zot:3)
27 creatures vanquished.

Vanquished Creatures (others)
  A storm dragon (Zot:4)
  A shadow dragon (Vaults:5)
  A rakshasa (Pan)
  A stoker (Geh:4)
  A glowing orange brain (Pan)
  An orb spider (Zot:3)
  A smoke demon (Pan)
  2 hellwings (Pan)
  328 ball lightnings
  A creeping inferno (Geh:7)
  432 fire vortices
  4 foxfires
774 creatures vanquished.

Grand Total: 4999 creatures vanquished

Notes
Turn   | Place    | Note
-------+----------+-------------------------------------------
     0 | D:1      | CougarLife the Gargoyle Earth Elementalist began the quest
                  | for the Orb.
     0 | D:1      | Reached XP level 1. HP: 10/10 MP: 3/3
    69 | D:1      | Reached XP level 2. HP: 15/15 MP: 0/5
   852 | D:1      | Reached XP level 3. HP: 19/19 MP: 2/6
  1121 | D:2      | Found a radiant altar of Vehumet.
  1130 | D:2      | Became a worshipper of Vehumet
  1452 | D:2      | Noticed Natasha
  1458 | D:2      | Killed Natasha
  1459 | D:2      | Reached XP level 4. HP: 17/24 MP: 4/8
  1554 | D:2      | Noticed Natasha
  1559 | D:2      | Killed Natasha
  1660 | D:2      | Noticed Robin
  1671 | D:2      | Killed Robin
  1750 | D:2      | Noticed Natasha
  1756 | D:2      | Killed Natasha
  1757 | D:2      | Reached XP level 5. HP: 24/28 MP: 4/9
  1881 | D:2      | Found a runed translucent door.
  1882 | D:2      | Noticed Crazy Yiuf
  2089 | D:2      | Killed Crazy Yiuf
  2090 | D:2      | Reached skill level 5 in Earth Magic
  2214 | D:3      | Reached * piety under Vehumet
  2214 | D:3      | Offered knowledge of Magic Dart by Vehumet.
  2353 | D:3      | Learned a level 3 spell: Stone Arrow
  2450 | D:3      | Reached XP level 6. HP: 32/32 MP: 1/11
  2657 | D:3      | Found a runed translucent gate.
  2657 | D:3      | Found a runed translucent gate.
  2658 | D:3      | Found a runed translucent gate.
  2662 | D:3      | Noticed Tollund's ghost (amateur DsAl)
  2904 | D:3      | Found a faded altar of an unknown god.
  3405 | D:4      | Found a sand-covered staircase.
  3409 | Ossuary  | Entered an ossuary
  3731 | Ossuary  | Offered knowledge of Kiss of Death by Vehumet.
  3749 | Ossuary  | Reached XP level 7. HP: 36/36 MP: 10/13
  3795 | Ossuary  | Reached ** piety under Vehumet
  3896 | Ossuary  | Reached skill level 5 in Conjurations
  4213 | Ossuary  | Reached skill level 5 in Spellcasting
  4213 | Ossuary  | Reached XP level 8. HP: 41/41 MP: 9/15
  4338 | D:4      | Got the Handbook of Tephra and Chilblains
  5424 | D:5      | Entered Level 5 of the Dungeon
  5541 | D:5      | Found Conizxei's Armour Shoppe.
  5553 | D:5      | Bought a +0 kite shield for 54 gold pieces
  5895 | D:5      | Offered knowledge of Frozen Ramparts by Vehumet.
  5901 | D:5      | Reached skill level 1 in Air Magic
  5952 | D:5      | Noticed Blork the orc
  5960 | D:5      | Killed Blork the orc
  6294 | D:6      | Reached *** piety under Vehumet
  6295 | D:6      | Reached XP level 9. HP: 29/45 MP: 13/17
  6363 | D:6      | Found a glowing drain.
  6373 | Sewer    | Entered a sewer
  6405 | Sewer    | Offered knowledge of Fulminant Prism by Vehumet.
  7020 | D:6      | Learned a level 5 spell: Freezing Cloud
  7032 | D:6      | Reached **** piety under Vehumet
  7071 | D:6      | Found a white marble altar of Elyvilon.
  7312 | D:7      | Noticed a two-headed ogre
  7319 | D:7      | Killed a two-headed ogre
  7490 | D:7      | Noticed a +0 hand axe
  7490 | D:7      | Noticed a +0 hand axe
  7495 | D:7      | Noticed a hornet
  7496 | D:7      | Found a hide-covered altar of Uskayaw.
  7511 | D:7      | Killed a hornet
  7512 | D:7      | Reached skill level 1 in Shields
  7565 | D:7      | Found a staircase to the Ecumenical Temple.
  7641 | D:7      | Offered knowledge of Iskenderun's Battlesphere by Vehumet.
  7854 | D:7      | Reached XP level 10. HP: 27/50 MP: 20/20
  7956 | Temple   | Entered the Ecumenical Temple
  8046 | D:8      | Found a flagged portal.
  8102 | Bailey   | Entered a bailey
  8536 | Bailey   | Noticed a kobold demonologist
  8540 | Bailey   | Killed a kobold demonologist
  8547 | Bailey   | Reached skill level 10 in Earth Magic
  8726 | Bailey   | Found an iron altar of Okawaru.
  8726 | Bailey   | Noticed a kobold demonologist
  8732 | Bailey   | Killed a kobold demonologist
  8876 | Bailey   | Got the Parchment of the Six Portals
  8895 | Bailey   | Identified the +0 robe "Hoag" {Fly rPois Regen+ Int-2}
  9166 | D:8      | Noticed Maurice
  9171 | D:8      | Killed Maurice
  9237 | D:8      | Reached skill level 5 in Shields
  9263 | D:8      | Reached ***** piety under Vehumet
  9337 | D:8      | Offered knowledge of Orb of Destruction by Vehumet.
  9339 | D:8      | Reached XP level 11. HP: 54/54 MP: 19/23
  9603 | D:8      | Found a shimmering altar of Xom.
  9609 | D:8      | Found a glowing golden altar of the Shining One.
  9613 | D:8      | Found a glowing silver altar of Zin.
  9891 | D:9      | Found a staircase to the Orcish Mines.
  9903 | D:9      | Reached skill level 10 in Conjurations
 10012 | D:9      | Noticed Jeremiah
 10018 | D:9      | Killed Jeremiah
 10238 | D:9      | Found Yshovvea's Weapon Emporium.
 10800 | D:10     | Entered Level 10 of the Dungeon
 10801 | D:10     | Noticed a two-headed ogre
 10843 | D:10     | Killed a two-headed ogre
 11500 | D:10     | Found a basalt altar of Yredelemnul.
 11890 | D:11     | Offered knowledge of Iskenderun's Mystic Blast by Vehumet.
 11938 | D:11     | Noticed Gastronok
 11941 | D:11     | Noticed a two-headed ogre
 11946 | D:11     | Killed a two-headed ogre
 11947 | D:11     | Reached XP level 12. HP: 59/59 MP: 5/25
 11947 | D:11     | Killed Gastronok
 12009 | D:11     | Found a staircase to the Lair.
 13336 | Lair:1   | Entered Level 1 of the Lair of Beasts
 13650 | Lair:1   | Reached skill level 1 in Fighting
 14709 | Lair:2   | Noticed a boulder beetle
 14716 | Lair:2   | Killed a boulder beetle
 14818 | Lair:2   | Identified the +5 ring mail "Qyneudel" {-Tele Rampage rF+
                  | Regen+ Stlth+}
 14870 | Lair:2   | Noticed a fire dragon
 14877 | Lair:2   | Killed a fire dragon
 14878 | Lair:2   | Reached skill level 10 in Spellcasting
 14878 | Lair:2   | Reached XP level 13. HP: 68/68 MP: 19/27
 15294 | Lair:2   | Found a staircase to the Swamp.
 15567 | Lair:3   | Offered knowledge of Ozocubu's Refrigeration by Vehumet.
 16009 | Lair:3   | Noticed Urug
 16009 | Lair:3   | Noticed Josephine
 16025 | Lair:3   | Killed Urug
 16030 | Lair:3   | Killed Josephine
 16096 | Lair:3   | Noticed Nessos
 16104 | Lair:3   | Killed Nessos
 16105 | Lair:3   | Reached skill level 5 in Fighting
 16121 | Lair:3   | Noticed Snorg
 16219 | Lair:3   | Killed Snorg
 16418 | Lair:3   | Found a hole to the Spider Nest.
 16791 | Lair:4   | Reached skill level 15 in Earth Magic
 17086 | Lair:4   | Gained mutation: Your large and strong wings let you fly.
                  | [Gargoyle growth]
 17086 | Lair:4   | Reached XP level 14. HP: 78/78 MP: 14/28
 17403 | Lair:4   | Identified the +1 ring mail "Zabluty" {Regen+ Slay+2
                  | Stlth+}
 17777 | Lair:4   | Learned a level 6 spell: Conjure Ball Lightning
 18105 | Lair:5   | Entered Level 5 of the Lair of Beasts
 18401 | Lair:5   | Offered knowledge of Bombard by Vehumet.
 18871 | Lair:5   | Identified the +6 hand axe of Bile {freeze, rC- Dex+3
                  | Stlth+}
 19005 | Lair:5   | Found a staircase to the Slime Pits.
 19006 | Lair:5   | Found a viscous altar of Jiyva.
 19194 | Lair:5   | Reached skill level 15 in Conjurations
 20504 | D:12     | Learned a level 6 spell: Bombard
 20684 | D:12     | Identified the +5 war axe of Doom {flame, ^Contam *Slow
                  | rC++ rN+++}
 20704 | D:12     | Noticed Sonja
 20715 | Abyss:1  | Cast into level 1 of the Abyss (Sonja)
 20895 | Abyss:1  | Reached XP level 15. HP: 86/89 MP: 13/30
 21055 | Abyss:1  | Noticed an ancient lich
 21068 | Abyss:1  | Killed an ancient lich
 21109 | Abyss:1  | Noticed a tentacled starspawn
 21114 | Abyss:1  | Killed a tentacled starspawn
 21224 | D:12     | Escaped the Abyss
 21230 | D:12     | Killed Sonja
 21407 | D:12     | Identified the +0 trident "Coepad" {flame, *Noise rPois
                  | rC+++ SInv}
 22232 | D:13     | Reached skill level 10 in Fighting
 23094 | D:13     | Found a gate to the Vaults.
 23956 | D:14     | Reached skill level 1 in Armour
 24097 | D:14     | Reached ****** piety under Vehumet
 24370 | D:14     | Offered knowledge of Eringya's Noxious Bog by Vehumet.
 24516 | D:15     | Entered Level 15 of the Dungeon
 24673 | D:15     | Found a gate leading to a gauntlet.
 24706 | Gauntlet | Entered a Gauntlet
 24706 | Gauntlet | Found a transporter.
 24827 | Gauntlet | Found a transporter.
 24839 | Gauntlet | Noticed a balrug
 24848 | Gauntlet | Found a transporter.
 24849 | Gauntlet | Found a transporter.
 24869 | Gauntlet | Found a transporter.
 24882 | Gauntlet | Found a transporter.
 24890 | Gauntlet | Found a transporter.
 24894 | Gauntlet | Found a transporter.
 24922 | Gauntlet | Found a transporter.
 24948 | Gauntlet | Found a transporter.
 24948 | Gauntlet | Found a transporter.
 24955 | Gauntlet | Found a transporter.
 25069 | Gauntlet | Identified the +8 giant club "Killer Klown's Death" {flame,
                  | *Noise rN+++ Dex+5}
 25109 | Gauntlet | Identified the +0 hat of Lum Azui {SInv}
 25561 | D:15     | Reached XP level 16. HP: 99/99 MP: 21/32
 25592 | D:15     | Found a staircase to the Depths.
 25779 | D:15     | Reached skill level 5 in Armour
 26486 | Orc:1    | Entered Level 1 of the Orcish Mines
 26486 | Orc:1    | Found Dymp's Antique Weapon Emporium.
 26490 | D:9      | Noticed Maggie
 26494 | D:9      | Killed Maggie
 26535 | Orc:1    | Noticed Jorgrun
 26541 | Orc:1    | Killed Jorgrun
 26659 | Orc:1    | Noticed Erolcha
 26672 | Orc:1    | Killed Erolcha
 26737 | Orc:1    | Noticed Harold
 26742 | Orc:1    | Killed Harold
 26968 | Orc:2    | Entered Level 2 of the Orcish Mines
 27050 | Orc:2    | Offered knowledge of Plasma Beam by Vehumet.
 27367 | Orc:2    | Noticed Saint Roka
 27397 | Orc:2    | Paralysed by something for 2 turns
 27415 | Orc:2    | Killed Saint Roka
 27774 | Orc:2    | Found a roughly hewn altar of Beogh.
 27801 | Orc:2    | Found Yzuanach's Book Shop.
 27865 | Orc:2    | Found Kysur's General Store.
 27876 | Orc:2    | Bought a scroll of fear for 64 gold pieces
 27876 | Orc:2    | Bought a scroll of fog for 64 gold pieces
 27876 | Orc:2    | Bought a potion of magic for 128 gold pieces
 27876 | Orc:2    | Bought a potion of ambrosia for 128 gold pieces
 28017 | Orc:2    | Found Mups's Antique Armour Shop.
 28066 | Orc:2    | Found a staircase to the Elven Halls.
 28200 | Orc:2    | Found Diezuxze's Antique Weapon Shop.
 28562 | Swamp:1  | Entered Level 1 of the Swamp
 28581 | Swamp:1  | Reached skill level 1 in Fire Magic
 28620 | Swamp:1  | Noticed a thorn hunter
 28628 | Swamp:1  | Killed a thorn hunter
 29298 | Swamp:1  | Identified the +0 pair of gloves "Maegh" {rPois Stlth+}
 29568 | Swamp:2  | Found the brooch of Shielding {Spirit SH+8}
 29575 | Swamp:2  | Offered knowledge of Spellforged Servitor by Vehumet.
 30215 | Swamp:3  | Reached XP level 17. HP: 103/103 MP: 30/34
 30766 | Swamp:3  | Reached skill level 5 in Fire Magic
 31287 | Swamp:4  | Entered Level 4 of the Swamp
 31920 | Swamp:4  | Identified the +7 spear of Gobeecwo {drain, rCorr}
 32138 | Swamp:4  | Offered knowledge of Lehudib's Crystal Spear by Vehumet.
 32138 | Swamp:4  | Offered knowledge of Shatter by Vehumet.
 32138 | Swamp:4  | Offered knowledge of Maxwell's Capacitive Coupling by
                  | Vehumet.
 32703 | Swamp:4  | Noticed a tentacled monstrosity
 32709 | Swamp:4  | Killed a tentacled monstrosity
 33527 | Swamp:4  | Got a decaying rune of Zot
 33669 | Swamp:4  | Learned a level 8 spell: Lehudib's Crystal Spear
 33703 | Swamp:4  | Learned a level 8 spell: Lehudib's Crystal Spear
 33828 | Spider:1 | Entered Level 1 of the Spider Nest
 33964 | Spider:1 | You are sucked into a shaft and drop 1 floor!
 34387 | Spider:2 | Reached XP level 18. HP: 108/108 MP: 34/36
 37227 | Spider:4 | Entered Level 4 of the Spider Nest
 37767 | Spider:4 | Reached skill level 10 in Fire Magic
 38228 | Spider:4 | Reached XP level 19. HP: 113/113 MP: 6/37
 38639 | Spider:4 | Reached skill level 15 in Spellcasting
 39384 | Spider:4 | Got a gossamer rune of Zot
 39395 | Spider:4 | Identified the +0 pair of boots of the Past {Will+ Regen+
                  | Int+2}
 39427 | Spider:4 | Acquired the +0 kite shield of Day {rPois Will+ Dex+3}
 39442 | Spider:4 | Acquired 443 gold pieces
 39448 | Spider:4 | Acquired 853 gold pieces
 39452 | Spider:4 | Acquired 722 gold pieces
 39868 | Depths:1 | Entered Level 1 of the Depths
 40503 | Depths:1 | Found a one-way gateway to a ziggurat.
 40661 | Depths:1 | Found a one-way gate leading to the halls of Pandemonium.
 40810 | Depths:1 | Found a one-way gate to the infinite horrors of the Abyss.
 40817 | Depths:1 | Found a gateway to Hell.
 41602 | Depths:2 | Noticed a tentacled monstrosity
 41614 | Depths:2 | Killed a tentacled monstrosity
 41675 | Depths:2 | Noticed a caustic shrike
 41682 | Depths:2 | Killed a caustic shrike
 42767 | Depths:3 | Reached XP level 20. HP: 86/121 MP: 32/39
 42869 | Depths:3 | Found a runed translucent door.
 42927 | Depths:3 | Found Vuzoluj's Book Emporium.
 42928 | Depths:3 | Found Kakoh's Jewellery Boutique.
 42929 | Depths:3 | Found Boanejiz's Book Emporium.
 42934 | Depths:3 | Bought the Tome of Loathsome Ice for 260 gold pieces
 42936 | Depths:3 | Bought the amulet of Vitality {RegenMP++ Regen++} for 2100
                  | gold pieces
 42936 | Depths:3 | Found the amulet of Vitality {RegenMP++ Regen++}
 42950 | Depths:3 | Bought a book of Annihilations for 840 gold pieces
 42970 | Depths:3 | Identified the ring "Peojysay" {rPois Str+6}
 42980 | Depths:3 | Found a runed translucent door.
 43685 | Depths:3 | Identified the +7 rapier of Zuceu {flame, SInv Stlth+}
 43858 | Depths:3 | Noticed Sojobo
 43867 | Depths:3 | Paralysed by an air elemental for 1 turns
 43870 | Depths:3 | Paralysed by an air elemental for 1 turns
 43872 | Depths:3 | Paralysed by an air elemental for 1 turns
 43896 | Depths:3 | Paralysed by an air elemental for 1 turns
 43897 | Depths:3 | Killed Sojobo
 44200 | Depths:3 | Noticed a golden dragon
 44206 | Depths:3 | Killed a golden dragon
 44541 | Depths:4 | Entered Level 4 of the Depths
 44922 | Depths:3 | Identified the +6 quarterstaff of Valiance {vamp, rC- Will+
                  | rCorr Int+2}
 45091 | Depths:4 | Noticed a bone dragon
 45101 | Depths:4 | Killed a bone dragon
 45185 | Depths:4 | Noticed Parghit
 45248 | Depths:4 | Killed Parghit
 45296 | Depths:4 | Found a runed translucent gate.
 45296 | Depths:4 | Found a runed translucent gate.
 45296 | Depths:4 | Found a runed translucent gate.
 45297 | Depths:4 | Noticed Oxzi's ghost (adept DEHW)
 45304 | Depths:4 | Killed Oxzi's ghost
 45586 | Depths:4 | Noticed a golden dragon
 45592 | Depths:4 | Killed a golden dragon
 45790 | Depths:4 | Found a glowing silver altar of Zin.
 45790 | Depths:4 | Found a white marble altar of Elyvilon.
 45791 | Depths:4 | Found a glowing golden altar of the Shining One.
 45870 | Depths:4 | Noticed a golden dragon
 45875 | Depths:4 | Killed a golden dragon
 45894 | Depths:4 | Found a gate to the Realm of Zot.
 46003 | Depths:3 | Noticed a golden dragon
 46026 | Depths:3 | Reached XP level 21. HP: 33/118 MP: 15/41
 46047 | Depths:3 | Noticed a golden dragon
 46349 | Elf:1    | Entered Level 1 of the Elven Halls
 46876 | Elf:1    | Learned a level 9 spell: Shatter
 48457 | Elf:2    | Found a runed translucent gate.
 48458 | Elf:2    | Found a runed translucent gate.
 48458 | Elf:2    | Found a runed translucent gate.
 48959 | Elf:2    | Acquired the +3 Elemental Staff {ele, rElec rF+ rC+ AC+3}
 48959 | Elf:2    | Found the +3 Elemental Staff {ele, rElec rF+ rC+ AC+3}
 50190 | Elf:3    | Entered Level 3 of the Elven Halls
 50656 | Elf:3    | Noticed Donald
 50726 | Elf:3    | Killed Donald
 51015 | Elf:3    | Identified the +8 chain mail of the Iron City of Dis {rElec
                  | rC+ Int-4}
 51502 | Depths:3 | Bought the Teachings on the Cwm and Skeletons for 644 gold
                  | pieces
 51508 | Depths:3 | Learned a level 5 spell: Lee's Rapid Deconstruction
 51870 | Elf:3    | Reached XP level 22. HP: 137/137 MP: 22/43
 51992 | Elf:3    | Found the +2 Maxwell's thermic engine {flame, freeze, rev}
 52033 | Elf:3    | Identified the +7 plate armour "Wuth" {^Contam rC+++ Int+4}
 52051 | Elf:3    | Identified a ring "Geeteuch" {MP+9 Str-4 Int-3 Dex+6 SInv}
 52710 | Vaults:1 | Entered Level 1 of the Vaults
 53950 | Vaults:2 | Reached skill level 15 in Fire Magic
 54472 | Vaults:2 | Reached skill level 15 in Fighting
 54819 | Vaults:2 | Found a transporter.
 54819 | Vaults:2 | Noticed Tollund's ghost (veteran FoHu)
 55047 | Vaults:2 | Found a staircase to the Crypt.
 55601 | Vaults:2 | Found a transporter.
 55604 | Vaults:2 | Reached XP level 23. HP: 144/144 MP: 41/44
 55606 | Vaults:2 | Killed Tollund's ghost
 55624 | Vaults:2 | Identified the +2 pair of boots of Lethargy {-Tele rPois
                  | rF++}
 56755 | Vaults:3 | Identified the +1 pair of boots "Javariaj" {Regen+ Str+3
                  | Dex-3}
 57187 | Depths:3 | Bought the ring "Peyvaxt" {+Blink rCorr Int+7 Dex-5 SInv}
                  | for 890 gold pieces
 58565 | Vaults:4 | Found Yhuihe Kofo's Antique Weapon Emporium.
 58788 | Vaults:5 | Entered Level 5 of the Vaults
 58795 | Vaults:5 | Reached XP level 24. HP: 152/152 MP: 44/45
 58816 | Vaults:5 | Identified the +7 morningstar "Avoen" {heavy, rF+ SInv}
 59123 | Vaults:5 | Identified the +6 lajatang of Vublimoj {holy, Int+2 Stlth+}
 59143 | Vaults:4 | Learned a level 9 spell: Fire Storm
 59531 | Vaults:5 | Got the Incunable of the Echidna
 59535 | Vaults:5 | Got a silver rune of Zot
 59612 | Vaults:5 | Learned a level 8 spell: Ignition
 60046 | Vaults:5 | Found Jukueshra's Distillery.
 60051 | Vaults:5 | Bought a potion of heal wounds for 105 gold pieces
 60051 | Vaults:5 | Bought a potion of ambrosia for 168 gold pieces
 60051 | Vaults:5 | Bought a potion of enlightenment for 105 gold pieces
 60051 | Vaults:5 | Bought a potion of heal wounds for 105 gold pieces
 60051 | Vaults:5 | Identified the staff of Ruijuck {rF++ rC+ Ice}
 60359 | Vaults:4 | Learned a level 5 spell: Lee's Rapid Deconstruction
 60441 | Crypt:1  | Entered Level 1 of the Crypt
 61561 | Crypt:2  | Found the +8 longbow "Zephyr" {speed, Dex+3 SInv}
 62217 | Crypt:3  | Entered Level 3 of the Crypt
 62445 | Crypt:3  | Found an ancient bone altar of Kikubaaqudgha.
 62448 | Crypt:3  | Reached XP level 25. HP: 160/160 MP: 38/45
 62495 | Crypt:3  | Noticed Jory
 62496 | Crypt:3  | Killed Jory
 62766 | Crypt:3  | Identified the staff of Untruth {rPois rC+ Int-4 Dex+2
                  | Necro Ice}
 63247 | Crypt:3  | Identified the +2 quarterstaff "Leviticus" {flame, ^Contam
                  | rElec rC++ Dex+3}
 63284 | Crypt:3  | Identified the +6 glaive "Beastbane" {heavy, rCorr Int+3
                  | Dex-4}
 63289 | Crypt:3  | Identified the ring of Sexotut {Wiz rN++ rCorr}
 63292 | Crypt:3  | Identified the ring "Keaghauf" {rF+ rN++ Int+6}
 63292 | Crypt:3  | Noticed Khufu
 63297 | Crypt:3  | Killed Khufu
 63334 | Crypt:3  | Found a staircase to the Tomb.
 63345 | Crypt:3  | Identified the ring of Hiocyu {Wiz rN++ Dex+3} (You took it
                  | off a guardian mummy on level 3 of the Crypt)
 63985 | Slime:1  | Entered Level 1 of the Pits of Slime
 64980 | Slime:2  | Reached skill level 5 in Air Magic
 65887 | Slime:5  | Entered Level 5 of the Pits of Slime
 65956 | Slime:5  | Noticed the Royal Jelly
 65958 | Slime:5  | Killed the Royal Jelly
 66054 | Slime:5  | Identified the +1 helmet of Classification {Int-2 Slay+6}
 66062 | Slime:5  | Got a slimy rune of Zot
 66133 | Slime:4  | Gained mutation: You are weak. (Str -2) [a shining eye]
 66135 | Slime:4  | Reached XP level 26. HP: 168/168 MP: 31/46
 66318 | Slime:5  | Identified the +2 bardiche of Modesty {freeze, rPois
                  | Stlth+}
 66392 | Slime:5  | Identified the +6 orcbow "Killer Klown's Bane" {drain,
                  | Int+4 Stlth+}
 66461 | Slime:5  | Identified the +0 plate armour "Lojaprum" {MP+9}
 66625 | Slime:5  | Identified the dragon-blood talisman of Kikubaaqudgha's
                  | Whim {rF+ Str+3 Int+3}
 67302 | Zot:1    | Entered Level 1 of the Realm of Zot
 68692 | Zot:2    | Reached skill level 10 in Air Magic
 70378 | Zot:4    | Reached XP level 27. HP: 151/177 MP: 16/47
 70713 | Zot:4    | Found a shimmering blue altar of Sif Muna.
 70954 | Zot:4    | Identified the +1 spear of the Special People {elec, Will+}
 71208 | Zot:4    | Found a hazy altar of Hepliaklqana.
 71265 | Zot:4    | Acquired the ring "Jimeho" {rF- rC+ rN+ Will+}
 71274 | Zot:5    | Entered Level 5 of the Realm of Zot
 71903 | Zot:5    | Noticed an ancient lich
 71907 | Zot:5    | Killed an ancient lich
 71933 | Zot:5    | Noticed a dread lich
 71934 | Zot:5    | Killed a dread lich
 71940 | Zot:5    | Noticed an ancient lich
 71943 | Zot:5    | Killed an ancient lich
 71962 | Zot:5    | Noticed a dread lich
 71964 | Zot:5    | Killed a dread lich
 72212 | Zot:5    | Noticed an ancient lich
 72212 | Zot:5    | Noticed an orb of fire
 72675 | Zot:5    | Noticed a dread lich
 72677 | Zot:5    | Killed a dread lich
 73079 | Zot:5    | Noticed an orb of fire
 73079 | Zot:5    | Noticed an ancient lich
 73085 | Zot:5    | Killed an ancient lich
 73088 | Zot:5    | Killed an orb of fire
 73126 | Zot:5    | Killed an orb of fire
 73178 | Zot:5    | Noticed an orb of fire
 73182 | Zot:5    | Killed an orb of fire
 73219 | Zot:5    | Noticed an orb of fire
 73224 | Zot:5    | Killed an orb of fire
 73336 | Zot:5    | Got the Meditations on the Comitatus and the Singularity
 73545 | Zot:5    | Killed an ancient lich
 73608 | Zot:5    | Noticed an orb of fire
 73614 | Zot:5    | Killed an orb of fire
 73718 | Zot:5    | Noticed an ancient lich
 73721 | Zot:5    | Killed an ancient lich
 73813 | Zot:5    | Learned a level 9 spell: Chain Lightning
 74050 | Depths:3 | Reached skill level 15 in Air Magic
 74227 | Depths:3 | Voluntarily entered the Abyss.
 74296 | Abyss:2  | Found a corrupted altar of Lugonu.
 74297 | Abyss:2  | Found a corrupted altar of Lugonu.
 74351 | Abyss:2  | Found a corrupted altar of Lugonu.
 74366 | Abyss:2  | Found a corrupted altar of Lugonu.
 74824 | Abyss:3  | Found a shimmering altar of Xom.
 74828 | Abyss:3  | Noticed a dread lich
 74837 | Abyss:3  | Got an abyssal rune of Zot
 74840 | Depths:3 | Escaped the Abyss
 75080 | Pan      | Entered Pandemonium
 75350 | Pan      | Noticed Roddawne the pandemonium lord
 75355 | Pan      | Killed Roddawne the pandemonium lord
 75560 | Pan      | Gained mutation: Your magical capacity is low. (-10% MP) [a
                  | neqoxec]
 75835 | Pan      | Got a demonic rune of Zot
 76633 | Pan      | Noticed Huonaut the pandemonium lord
 76729 | Pan      | Killed Huonaut the pandemonium lord
 77489 | Pan      | Identified the +1 leather armour "Borru" {rC- Will+ Str+3}
 77748 | Pan      | Noticed Saurung the pandemonium lord
 77753 | Pan      | Killed Saurung the pandemonium lord
 78311 | Pan      | Found an exit through the horrors of the Abyss.
 78574 | Pan      | Noticed Idghuet the pandemonium lord
 78627 | Pan      | Killed Idghuet the pandemonium lord
 78689 | Pan      | Identified the +1 war axe of the Leaping Seer {flame,
                  | Dex+5}
 78707 | Pan      | Found a runed translucent door.
 78933 | Pan      | Identified the +9 war axe "Ziug" {freeze, +Blink rN++}
 79464 | Pan      | Found a transporter.
 79490 | Pan      | Found an exit through the horrors of the Abyss.
 79657 | Pan      | Found a transporter.
 80070 | Pan      | Identified the ring "Ekeg Aff" {rPois rC+ rCorr}
 80079 | Pan      | Identified the +1 hand axe of the Madman {heavy, rElec
                  | Int+2}
 80133 | Pan      | Identified the ring of Limitation {Fly Int+5 Dex-2}
 80141 | Pan      | Identified the amulet of Govyilum {Acrobat MP+9 Int-5
                  | Stlth+}
 80154 | Pan      | Identified a ring "Hetuimuf" {Int-4 Dex+6 Slay+6 SInv
                  | Stlth-}
 80328 | Pan      | Found an exit through the horrors of the Abyss.
 80612 | Pan      | Noticed Cyam the pandemonium lord
 80617 | Pan      | Killed Cyam the pandemonium lord
 80664 | Pan      | Reached skill level 10 in Shields
 81349 | Pan      | Noticed Todiomafisk the pandemonium lord
 81355 | Pan      | Killed Todiomafisk the pandemonium lord
 82275 | Pan      | Noticed Azolo the pandemonium lord
 82288 | Pan      | Killed Azolo the pandemonium lord
 82612 | Pan      | Identified the +6 morningstar of an ossuary {elec, +Blink
                  | rF+}
 83145 | Pan      | Entered the realm of Cerebov.
 83328 | Pan      | Found an exit through the horrors of the Abyss.
 83914 | Pan      | Found the +6 sword of Cerebov {flame}
 83914 | Pan      | Noticed Cerebov
 83991 | Pan      | Killed Cerebov
 84109 | Pan      | Identified the ring of Gizocod {rN++ EV+5 Dex-5}
 84132 | Pan      | Identified the +3 falchion "Hydraslayer" {heavy, Str+2}
 84135 | Pan      | Identified the +5 dagger of Rycze {heavy, Int+2 Dex+3 SInv}
 84143 | Pan      | Identified the +1 leather armour "Pysul" {rF+ rC++ Dex+3}
 84183 | Pan      | Identified the staff "Aqay" {rElec Earth}
 84215 | Pan      | Identified the +8 falchion of the Reaper {venom, ^Contam
                  | Int+4 Stlth+}
 84240 | Pan      | Got a fiery rune of Zot
 84317 | Depths:1 | Escaped Pandemonium
 84335 | Pan      | Entered Pandemonium
 84493 | Pan      | Noticed Unatihud the pandemonium lord
 84496 | Pan      | Killed Unatihud the pandemonium lord
 84784 | Pan      | Noticed Mennas
 84786 | Pan      | Killed Mennas
 85103 | Pan      | Identified the +5 crystal plate armour "Ekhet" {Int+6
                  | Dex+6}
 86055 | Pan      | Identified the +2 buckler "Xeenk" {rF+ rC+++ Str-3 Slay-6}
 86121 | Pan      | Identified the blade talisman of Summertime {Dex+2}
 86516 | Pan      | Entered the realm of Lom Lobon.
 86756 | Pan      | Found an ancient bone altar of Kikubaaqudgha.
 86804 | Pan      | Found a bloodstained altar of Trog.
 87492 | Pan      | Noticed Lom Lobon
 87502 | Pan      | Killed Lom Lobon
 87564 | Pan      | Got a magical rune of Zot
 87935 | Pan      | Entered the realm of Mnoleg.
 88087 | Pan      | Noticed Mnoleg
 88089 | Pan      | Lost mutation: Your magical capacity is low. (-10% MP) [a
                  | cacodemon]
 88122 | Pan      | Killed Mnoleg
 88188 | Pan      | Got a glowing rune of Zot
 88198 | Pan      | Reached skill level 15 in Shields
 88230 | Pan      | Gained mutation: Your health recovers twice as slowly from
                  | being drained. [a cacodemon]
 88331 | Pan      | Gained mutation: You are very weak. (Str -4) [a neqoxec]
 88415 | Pan      | Gained mutation: You are frail. (-10% HP) [a neqoxec]
 88492 | Pan      | Gained mutation: You do not regenerate when monsters are
                  | visible. [a cacodemon]
 88506 | Pan      | Lost mutation: You are very weak. (Str -4) [potion of
                  | mutation]
 88506 | Pan      | Lost mutation: You do not regenerate when monsters are
                  | visible. [potion of mutation]
 88506 | Pan      | Lost mutation: You are frail. (-10% HP) [potion of
                  | mutation]
 88506 | Pan      | Gained mutation: You passively map a small area around you.
                  | [potion of mutation]
 88522 | Pan      | Entered the realm of Gloorx Vloq.
 88680 | Pan      | Found an exit through the horrors of the Abyss.
 88810 | Pan      | Got the Directory of the Jaunt
 89608 | Pan      | Noticed Gloorx Vloq
 89620 | Pan      | Killed Gloorx Vloq
 89648 | Pan      | Got a dark rune of Zot
 90098 | Pan      | Found a runed translucent door.
 90102 | Pan      | Found a runed translucent door.
 90102 | Pan      | Found a runed translucent door.
 90147 | Pan      | Noticed Xul Koco the pandemonium lord
 90226 | Pan      | Found a runed translucent door.
 90326 | Pan      | Found an exit through the horrors of the Abyss.
 90930 | Pan      | Killed Xul Koco the pandemonium lord
 90944 | Pan      | Identified the +4 battleaxe "Anaor" {vamp, rN+ Dex+5}
 91317 | Pan      | Noticed Kokk the pandemonium lord
 91320 | Pan      | Killed Kokk the pandemonium lord
 91489 | Pan      | Got the Guidebook on Distorted Beckoning
 91537 | Pan      | Found an exit through the horrors of the Abyss.
 91717 | Pan      | Identified the ring "Ateckuxt" {Fly rPois rF+ SInv}
 92374 | Pan      | Took an exit into the Abyss.
 92374 | Abyss:3  | Escaped into the Abyss
 92400 | Abyss:3  | Found a corrupted altar of Lugonu.
 92407 | Depths:1 | Escaped the Abyss
 92459 | Hell     | Entered the Vestibule of Hell
 92459 | Hell     | Noticed Geryon
 92466 | Hell     | Killed Geryon
 92543 | Hell     | Found a gateway to the freezing wastes of Cocytus.
 92700 | Hell     | Reached skill level 1 in Shapeshifting
 92736 | Hell     | Found a gateway to the Iron City of Dis.
 92924 | Hell     | Found a gateway to the ashen valley of Gehenna.
 93030 | Hell     | Found a gateway to the decaying netherworld of Tartarus.
 93681 | Geh:1    | Entered Level 1 of Gehenna
 93694 | Geh:1    | Reached skill level 5 in Shapeshifting
 95511 | Geh:7    | Entered Level 7 of Gehenna
 95560 | Geh:7    | Reached skill level 10 in Shapeshifting
 96795 | Geh:7    | Found the +13 sceptre of Asmodeus
 96795 | Geh:7    | Noticed Asmodeus
 96806 | Geh:7    | Killed Asmodeus
 96904 | Geh:7    | Got an obsidian rune of Zot
 97595 | Coc:1    | Entered Level 1 of Cocytus
 97822 | Hell     | Lost mutation: Your health recovers twice as slowly from
                  | being drained. [potion of mutation]
 97822 | Hell     | Lost mutation: You passively map a small area around you.
                  | [potion of mutation]
 97822 | Hell     | Gained mutation: Your body sometimes deteriorates upon
                  | taking damage. [potion of mutation]
 97822 | Hell     | Gained mutation: Your flesh is heat resistant. (rF+)
                  | [potion of mutation]
 97822 | Hell     | Gained mutation: Your flesh is cold resistant. (rC+)
                  | [potion of mutation]
 97823 | Hell     | Lost mutation: You are weak. (Str -2) [potion of mutation]
 97823 | Hell     | Lost mutation: Your body sometimes deteriorates upon taking
                  | damage. [potion of mutation]
 97823 | Hell     | Gained mutation: You are occasionally teleported next to
                  | monsters. [potion of mutation]
 97823 | Hell     | Gained mutation: You have a pair of small horns on your
                  | head. [potion of mutation]
 97823 | Hell     | Gained mutation: You are weak. (Str -2) [potion of
                  | mutation]
 97824 | Hell     | Lost mutation: Your flesh is heat resistant. (rF+) [potion
                  | of mutation]
 97824 | Hell     | Lost mutation: Your flesh is cold resistant. (rC+) [potion
                  | of mutation]
 97824 | Hell     | Lost mutation: You are weak. (Str -2) [potion of mutation]
 97824 | Hell     | Gained mutation: Armour fits poorly on your strangely
                  | shaped body. [potion of mutation]
 97824 | Hell     | Gained mutation: You are partially covered in iridescent
                  | scales. (AC +2) [potion of mutation]
 97824 | Hell     | Gained mutation: Your mind is acute. (Int +4, Str/Dex -1)
                  | [potion of mutation]
 97825 | Hell     | Lost mutation: You are occasionally teleported next to
                  | monsters. [potion of mutation]
 97825 | Hell     | Lost mutation: You are partially covered in iridescent
                  | scales. (AC +2) [potion of mutation]
 97825 | Hell     | Gained mutation: You have sharp toenails. [potion of
                  | mutation]
 97863 | Coc:2    | Noticed a dread lich
 97868 | Coc:2    | Killed a dread lich
 98610 | Coc:4    | Reached skill level 15 in Shapeshifting
 99222 | Coc:7    | Entered Level 7 of Cocytus
 99269 | Coc:7    | Noticed Antaeus
 99491 | Coc:7    | Paralysed by a wendigo for 1 turns
100204 | Coc:7    | Identified the ring "Jiuc" {Ice rElec Str-4 SInv Stlth-}
100236 | Coc:7    | Killed Antaeus
100360 | Coc:7    | Identified the +1 leather armour of the Beginning {rPois
                  | rC+ Stlth+}
100434 | Coc:7    | Got an icy rune of Zot
100439 | Coc:7    | Got Voibar's Information on the Roasted Oath
100642 | Tar:1    | Entered Level 1 of Tartarus
101883 | Tar:4    | Noticed an ancient lich
101886 | Tar:4    | Killed an ancient lich
102642 | Tar:7    | Entered Level 7 of Tartarus
102872 | Tar:7    | Noticed an ancient lich
102875 | Tar:7    | Killed an ancient lich
102888 | Tar:7    | Noticed an ancient lich
102892 | Tar:7    | Killed an ancient lich
103127 | Tar:7    | Noticed an ancient lich
103129 | Tar:7    | Killed an ancient lich
103682 | Tar:7    | Noticed an ancient lich
103686 | Tar:7    | Killed an ancient lich
103787 | Tar:7    | Found the +2 hat of the Bear Spirit {Spirit, Bear, *Rage
                  | Will++}
103907 | Tar:7    | Identified the +11 orcbow "Gierch" {elec, Dex+2 Stlth+}
104054 | Tar:7    | Identified the +5 falchion "Ukirch" {vamp, Fly}
104526 | Tar:7    | Noticed Ereshkigal
104529 | Tar:7    | Paralysed by Ereshkigal for 2 turns
104539 | Tar:7    | Killed Ereshkigal
104591 | Tar:7    | Got a bone rune of Zot
104702 | Hell     | Lost mutation: You have a pair of small horns on your head.
                  | [potion of mutation]
104702 | Hell     | Lost mutation: Armour fits poorly on your strangely shaped
                  | body. [potion of mutation]
104702 | Hell     | Gained mutation: Your movements are slightly less
                  | encumbered by armour. (ER -2) [potion of mutation]
104709 | Dis:1    | Entered Level 1 of the Iron City of Dis
105151 | Dis:2    | Reached skill level 27 in Conjurations
106194 | Dis:6    | Noticed a dread lich
106197 | Dis:6    | Killed a dread lich
106469 | Dis:7    | Entered Level 7 of the Iron City of Dis
106759 | Dis:7    | Noticed a dread lich
106762 | Dis:7    | Killed a dread lich
107102 | Dis:7    | Reached skill level 27 in Fighting
107192 | Dis:7    | Noticed a juggernaut
107199 | Dis:7    | Killed a juggernaut
107919 | Dis:7    | Killed from afar by an iron giant

Illustrated notes

Levels and vault maps discovered:
D:1:      minmay_arrival_stair_chambers, layout_loops_cross
D:2:      layout_basic, basic_altar, chequers_serial_rivers_marsh, uniq_robin,
          uniq_natasha, uniq_crazy_yiuf_cottage
D:3:      layout_basic, gammafunk_ghost_nasty_kobolds,
          ebering_ecumenical_altar_webs, nrook_mini_vaults, minmay_fountain_box,
          minmay_cupped
D:4:      layout_layer_cave, enter_ossuary_5
D:5:      layout_gridville, serial_shops, shop, uniq_blork_the_orc
D:6:      layout_loops_ring, elyvilon_altar_3, gup_sewer_entry_bubbles
D:7:      layout_cave_pools, dancing_weapons_uskayaw, temple_fountains
D:8:      layout_basic, minmay_overflow_temple_star_quad, enter_bailey_7,
          nicolae_grassy_gnolls, uniq_maurice
D:9:      layout_basic, david_orc_3, serial_shops, kennysheep_mini,
          uniq_jeremiah, uniq_maggie
D:10:     minmay_twisted_water, layout_rooms,
          yredelemnul_forgotten_temple_becter, worms_lemuel
D:11:     layout_basic, minmay_lair_entry_grove, minmay_misc_feat_doors,
          uniq_gastronok
D:12:     layout_irregular_city, minmay_misc_feat_more_columns, minmay_radiant,
          uniq_sonja
D:13:     layout_small_grid, hellmonk_vaults_attempted_burglary
D:14:     layout_irregular_city, chequers_serial_rivers_room_a
D:15:     gammafunk_depths_entry_grave, layout_loops_ring, nrook_mini_backslash,
          gauntlet_entry_generic
Temple:   compressed_dpeg_triangle_lava_temple
Lair:1:   layout_cave_pods, serial_bayou_shore_b, grunt_megastairs_3,
          infiniplex_staircase_pool_2
Lair:2:   dragon1_lemuel, layout_misc_corridors,
          mainiacjoe_swamp_entry_angry_trees
Lair:3:   layout_gridlike, nicolae_spider_entry_orb_guardian, uniq_snorg,
          uniq_urug, uniq_josephine, uniq_nessos
Lair:4:   layout_regular_city, serial_rivers, chequers_serial_rivers_room_b,
          chequers_serial_rivers_room_b, chequers_serial_rivers_micro_a,
          chequers_serial_rivers_large_a, chequers_serial_rivers_room_b,
          minivault_27, grunt_megastairs_2, serial_bayou_shore_b,
          lemuel_fruit_fields
Lair:5:   hangedman_lair_in_review, layout_small_grid,
          minmay_slime_entry_pillars, hangedman_lair_generics_rect,
          serial_bayou_shore_b
Swamp:1:  layout_basic_swamp, nicolae_swamp_round_clearing,
          infiniplex_staircase_pool
Swamp:2:  layout_falls_marsh, nicolae_swamp_bean_lake
Swamp:3:  layout_basic_swamp, nicolae_swamp_dense_foliage, swamp_pool_1_2,
          nicolae_swamp_long_stream
Swamp:4:  swamp_vile, layout_basic_swamp
Spider:1: layout_spider_delve
Spider:2: layout_spider_delve, drop_trap
Spider:3: layout_spider_delve, beargit_elvish_explorers
Spider:4: grunt_spider_rune_circles, nicolae_spider_orb_run
Slime:1:  layout_caves
Slime:2:  layout_caves
Slime:3:  layout_caves
Slime:4:  layout_caves
Slime:5:  slime_pit_nicolae_inversion
Orc:1:    layout_diamond_mine, serial_shops, nicolae_shop_crystal, uniq_erolcha,
          uniq_harold, uniq_jorgrun
Orc:2:    grunt_orc_cross, layout_diamond_mine
Elf:1:    nicolae_elf_arrival_no_cutting_in_line, layout_loops_corners,
          kilobyte_rumbling_trees
Elf:2:    nicolae_elf_blades_crystal_corner, layout_geoelf_octagon,
          st_stairs_12, minivault_19
Elf:3:    elf_hall, layout_loops_corners, uniq_donald
Vaults:1: v_misc_5, nicolae_vaults_double_plus_3,
          nicolae_vaults_surprise_closet, dpeg_vaults_monster_box,
          vaults_room_semicircle, nicolae_vaults_cochlea,
          nicolae_vaults_more_shelving_2, ontoclasm_vaults_ring_small,
          nicolae_vaults_trapezoid_lopsided_1, nicolae_vaults_network_star,
          hangedman_vaults_capsules, vaults_room_pools, nicolae_vaults_prndl,
          layout_vaults_ring
Vaults:2: gammafunk_ghost_smash, minmay_crypt_entry_simple_statues,
          nicolae_vaults_big_ls, nicolae_vaults_double_plus_1,
          vaults_room_corners, nicolae_vaults_ring_of_whatevers, v_misc_9,
          grunt_vaults_funnel, nicolae_vaults_specimen_jars,
          vaults_room_door_ring, nicolae_vaults_security_offices_3,
          nicolae_vaults_tetromino_Z_1, layout_vaults_quadrants
Vaults:3: nicolae_vaults_house_1, nicolae_vaults_shipping_containers_2,
          nicolae_vaults_turnstiles, nicolae_vaults_little_squares_3,
          vaults_standard_mumra_x, nicolae_vaults_yaktaur_gun_rack,
          ontoclasm_vaults_loading_screen, vaults_mumra_hex,
          ontoclasm_vaults_decontamination, v_misc_13, grunt_vaults_bifocal,
          layout_vaults_omnicross
Vaults:4: hangedman_vaults_corner_blocks, hangedman_vaults_stream, v_misc_14,
          v_misc_5, v_misc_18, nicolae_vaults_ring_of_whatevers, v_misc_1,
          nicolae_vaults_twisting_passages, nicolae_vaults_tetromino_Z_1,
          serial_library_hellmonk_big_corner, ontoclasm_vaults_misaligned,
          ontoclasm_vaults_twist, nicolae_vaults_offset_grid_hallway_3,
          v_misc_13, nicolae_vaults_surprise_closet_hard, layout_vaults_omnibox,
          serial_shops, nicolae_lakefront_shop
Vaults:5
Crypt:1:  layout_basic, serial_library_hellmonk_double_dead_end
Crypt:2:  layout_catacombs, hex_medium
Crypt:3:  grunt_crypt_end_deaths_head, uniq_jory
Depths:1: layout_cave_pools, enter_ziggurat_f, pf_hell_entry_tar_river,
          grunt_pan_entry_sceptre, abyss_entry_small_statue_room,
          chequers_serial_rivers_micro_a, nicolae_danse_macabre
Depths:2: minmay_curly_fans, layout_gridville, hell_entry,
          rand_demon_pan_entry_7, minmay_staircase_statues
Depths:3: minmay_expanding_circles, layout_cross, abyss_entry,
          hangedman_coc_ice_floe, infiniplex_staircase_river, firewood_loft,
          serial_bayou_shore_b, nicolae_triple_integral, grunt_megastairs_1,
          minmay_shop_grove, serial_bayou_shore_b, uniq_sojobo
Depths:4: grunt_zot_entry_bicorn, layout_gridlike, hell_entry,
          ebering_ghost_rock_garden, good_gods_temple_1, uniq_josephina,
          uniq_parghit
Hell
Dis:1:    layout_gridville
Dis:2:    layout_jigsaw
Dis:3:    layout_subdivisions
Dis:4:    layout_jigsaw, nicolae_dis_having_a_grate_time
Dis:5:    layout_regular_city, minmay_strange_pillars
Dis:6:    layout_jigsaw, nicolae_dis_metal_lava_thing
Dis:7:    dis_st
Geh:1:    layout_gehenna_pools_box
Geh:2:    layout_gehenna_pools_basic
Geh:3:    layout_gehenna_lava_caves
Geh:4:    layout_gehenna_pools_box
Geh:5:    layout_gehenna_lava_caves
Geh:6:    layout_gehenna_lava_caves
Geh:7:    geh_hangedman
Coc:1:    layout_cocytus_water_paths
Coc:2:    layout_ice_bergs
Coc:3:    layout_cocytus_delve, nicolae_hells_seeping_fissure
Coc:4:    layout_cocytus_water_paths
Coc:5:    nicolae_coc_icebeans_plural [nicolae_sub_coc_subbean,
          nicolae_sub_coc_subbean, nicolae_sub_coc_subbean,
          nicolae_sub_coc_subbean], layout_cocytus_delve
Coc:6:    layout_cocytus_water_paths
Coc:7:    coc_old
Tar:1:    layout_cathedral_of_symmetry, nicolae_tar_cuneiform_heaven
Tar:2:    layout_catacombs
Tar:3:    layout_catacombs
Tar:4:    layout_honeycomb
Tar:5:    layout_grid_maze
Tar:6:    layout_cathedral_of_symmetry, nicolae_tar_honey_chapel
Tar:7:    tar_grunt_cathedral
Zot:1:    cheibrodos_frozen_isle, layout_misc_corridors
Zot:2:    layout_cathedral_of_symmetry, grunt_megastairs_4
Zot:3:    layout_misc_corridors, regret_index_zotdec_wing_it, grunt_megastairs_5
Zot:4:    hangedman_snap_crack_crunch, layout_onion_interference, st_stairs_2,
          hangedman_feature_mirror
Zot:5:    layout_concentric_octagons

Skill      XL: |  1  2  3  4  5  6  7  8  9 10 11 12 13 14 15 16 17 18 19 20 21 22 23 24 25 26 27 |
---------------+----------------------------------------------------------------------------------+-----
Earth Magic    | 4 5 6 7 8 9 10 11 13 15 16 17 18 19 20 21 23 24 | 24.7
Conjurations   | 2 3 4 5 7 8 9 10 12 14 15 16 17 18 19 20 21 22 23 27 | 27.0
Spellcasting   | 3 4 5 6 8 9 10 11 12 13 14 15 16 17 18 19 20 26 | 26.2
Air Magic      | 2 3 4 7 11 19 | 19.0
Stealth        | 3 |  3.5
Shields        | 2 5 8 9 17 | 17.0
Fighting       | 3 5 8 10 11 13 14 15 16 17 18 19 27 | 27.0
Armour         | 4 8 |  8.0
Fire Magic     | 4 8 10 11 12 14 15 17 18 19 21 | 21.3
Shapeshifting  | 23 | 23.0
Dodging        | |  1.5

Action                     |  1- 3 |  4- 6 |  7- 9 | 10-12 | 13-15 | 16-18 | 19-21 | 22-24 | 25-27 || total
---------------------------+-------+-------+-------+-------+-------+-------+-------+-------+-------++-------
  Melee: Mace              |    12 |    28 |    48 |       |       |       |       |       |       ||    88
         Staff             |       |       |    18 |     6 |    15 |    32 |    41 |     9 |    50 ||   171
         Headbutt          |       |       |       |       |       |       |       |       |     4 ||     4
   Cast: Sandblast         |    43 |    76 |   146 |   119 |    53 |   134 |    71 |       |       ||   642
         Stone Arrow       |       |     8 |    35 |   133 |   208 |   354 |   181 |    16 |    29 ||   964
         Freezing Cloud    |       |       |     1 |    66 |    82 |   190 |   103 |    19 |       ||   461
         Conjure Ball Ligh |       |       |       |       |    37 |    30 |    17 |    48 |     2 ||   134
         Bombard           |       |       |       |       |    98 |    81 |       |       |       ||   179
         Lehudib's Crystal |       |       |       |       |       |   112 |   335 |   218 |   311 ||   976
         Lee's Rapid Decon |       |       |       |       |       |       |    11 |    75 |    72 ||   158
         Shatter           |       |       |       |       |       |       |       |    69 |    47 ||   116
         Fire Storm        |       |       |       |       |       |       |       |    32 |   796 ||   828
         Ignition          |       |       |       |       |       |       |       |       |    45 ||    45
         Chain Lightning   |       |       |       |       |       |       |       |       |  1111 ||  1111
  Evoke: Wand              |       |       |       |       |       |       |       |       |     5 ||     5
    Use: Scroll            |       |       |       |       |    30 |    15 |     7 |     4 |    22 ||    78
         Potion            |       |       |       |       |     6 |    12 |     7 |     3 |    36 ||    64
   Stab: Sleeping          |     1 |       |       |       |       |       |       |       |       ||     1
 Armour: Robe              |    12 |    73 |   131 |       |       |       |       |       |       ||   216
         Steam dragon scal |       |       |       |    18 |       |       |       |       |       ||    18
         Acid dragon scale |       |       |       |   132 |   252 |   337 |   541 |   243 |  1245 ||  2750
  Dodge: Dodged            |    12 |    58 |   108 |    68 |   110 |   228 |   218 |    42 |   158 ||  1002
  Block: Kite shield       |       |       |       |       |     1 |   206 |   221 |    72 |   257 ||   757

Table legend: (Time is in decaauts)
 A = Elapsed time spent in this place.
 B = Non-inter-level travel time spent in this place.
 C = Inter-level travel time spent in this place.
 D = Time resting spent in this place.
 E = Time spent auto-exploring this place.
 F = Levels seen in this place.
 G = Mean time per level.
                   A        B        C        D        E       F      G
               +--------+--------+--------+--------+--------+-----+--------+
         Total | 108610 | 101456 |   7154 |  31307 |  37659 | 110 |  987.4 |
       Dungeon |  18067 |  16400 |   1667 |   4527 |   9147 |  15 | 1204.5 |
        Temple |      1 |      1 |      0 |      0 |      0 |   1 |    1.0 |
          Lair |   7705 |   6899 |    806 |   2400 |   3339 |   5 | 1541.0 |
         Swamp |   5223 |   5055 |    168 |   2609 |   1171 |   4 | 1305.8 |
   Spider Nest |   5815 |   5515 |    300 |   2658 |   1005 |   4 | 1453.8 |
    Slime Pits |   2997 |   2647 |    350 |    558 |   1645 |   5 |  599.4 |
  Orcish Mines |   2071 |   1695 |    376 |    423 |    780 |   2 | 1035.5 |
   Elven Halls |   5677 |   5320 |    357 |   2342 |   1322 |   3 | 1892.3 |
        Vaults |   7699 |   6913 |    786 |   1430 |   3634 |   5 | 1539.8 |
         Crypt |   3523 |   3141 |    382 |    776 |   1342 |   3 | 1174.3 |
        Depths |   6989 |   6203 |    786 |   2256 |   1954 |   4 | 1747.2 |
          Hell |    878 |    718 |    160 |    108 |    418 |   1 |  878.0 |
           Dis |   3209 |   3066 |    143 |   1256 |    456 |   7 |  458.4 |
       Gehenna |   3875 |   3727 |    148 |   1278 |    480 |   7 |  553.6 |
       Cocytus |   3003 |   2723 |    280 |    836 |    814 |   7 |  429.0 |
      Tartarus |   3995 |   3824 |    171 |   1126 |    840 |   7 |  570.7 |
           Zot |   6628 |   6358 |    270 |   2271 |   2407 |   5 | 1325.6 |
         Abyss |   1158 |   1158 |      0 |    384 |      0 |   5 |  231.6 |
   Pandemonium |  17252 |  17252 |      0 |   2827 |   6268 |  16 | 1078.2 |
         Sewer |    363 |    363 |      0 |     13 |    249 |   1 |  363.0 |
       Ossuary |    921 |    921 |      0 |    489 |     16 |   1 |  921.0 |
        Bailey |    998 |    998 |      0 |    484 |    218 |   1 |  998.0 |
      Gauntlet |    555 |    555 |      0 |    255 |    153 |   1 |  555.0 |
               +--------+--------+--------+--------+--------+-----+--------+

Top non-repeatable levels by time:
   Zot:5: 2602 daAuts
Depths:3: 2579 daAuts
 Swamp:4: 2434 daAuts
Spider:4: 2345 daAuts
   Elf:2: 2292 daAuts
  Lair:5: 2277 daAuts
   Geh:7: 2047 daAuts
   Tar:7: 1997 daAuts
Vaults:2: 1949 daAuts
Vaults:4: 1850 daAuts
    D:15: 1837 daAuts
    D:11: 1803 daAuts
Depths:2: 1772 daAuts
   Elf:1: 1748 daAuts
   Elf:3: 1636 daAuts
